Rangers vs Flyers

Created - Sunday, October 25, 2015 at 01:38

Goals
1 2 3 T
Rangers 0 0 1 1
Flyers 0 1 3 4
Shots
1 2 3 T
Rangers 10 4 13 27
Flyers 3 11 20 34

1st period

No Goal

Penalties :
Brandon Manning (NYR) for Hooking (Minor) at 3:25, Chris Kreider (Phi) for Hooking (Minor) at 5:45, Taylor Hall (Phi) for Hooking (Minor) at 9:37, Barret Jackman (Phi) for Hooking (Minor) at 11:17, Barret Jackman (Phi) for Hooking (Minor) at 14:01, Corey Perry (Phi) for Holding (Minor) at 16:37, Tim Sestito (NYR) for Holding (Minor) at 19:53

2nd period

1. Flyers , Jakub Voracek 4 (Evgeni Malkin, Corey Perry) at 6:00 (PP)

Penalties :
Jarret Stoll (Phi) for Hooking (Minor) at 3:02, Matt Martin (NYR) for Roughing (Minor) at 5:14, Jakub Voracek (Phi) for Delaying the game (Minor) at 9:57, Chris Kreider (Phi) for Holding Stick (Minor) at 14:23, Jakub Voracek (Phi) for Fighting (Major) at 17:07, Tanner Glass (NYR) for Fighting (Major) at 17:07, Tim Gleason (Phi) for Hooking (Minor) at 18:37

3rd period

2. Rangers , Logan Couture 6 (Kevin Shattenkirk) at 0:24 (PP)
3. Flyers , Gabriel Landeskog 2 (Kyle Okposo, Niklas Kronwall) at 5:38 (PP)
4. Flyers , Gabriel Landeskog 3 (Niklas Kronwall) at 11:30
5. Flyers , Evgeni Malkin 5 (Jakub Voracek, Mark Stuart) at 12:58

Penalties :
Matt Martin (NYR) for Hooking (Minor) at 4:52, Chris Kreider (Phi) for Hooking (Minor) at 8:30, Jarret Stoll (Phi) for Holding (Minor) at 13:52, Tim Sestito (NYR) for Holding (Minor) at 19:22

Goalie Stats

Roberto Luongo (NYR), 30 saves from 34 shots - (0.882), L, 6-2-0, 60:00 minutes
Corey Crawford (Phi), 26 saves from 27 shots - (0.963), W, 4-1-0, 60:00 minutes

Players Stats for Rangers

Player Name              G  A  P  +/- PIM S  H  SB GA TA FO     MP     PP MP  PK MP  
------------------------------------------------------------------------------------
Andrej Sekera            0  0  0  -1  0   2  1  0  0  1  0/0    20:46   9:06   1:39 
Brandon Manning          0  0  0   0  2   0  0  2  0  1  0/0    10:29   0:00   0:00 
Chris Terry              0  0  0  -1  0   2  0  0  0  0  0/0    11:19   0:00   0:00 
David Moss               0  0  0   0  0   0  2  0  0  1  0/1    17:58  10:56   0:00 
Jamie McBain             0  0  0   0  0   0  0  1  1  1  0/0    10:12   0:00   0:00 
Jason Garrison           0  0  0  -1  0   4  2  1  0  1  0/0    20:46   9:06   1:39 
Jay McClement            0  0  0  -1  0   0  1  0  0  0  0/2    10:44   0:00   0:00 
Jordan Staal             0  0  0   0  0   3  1  0  1  0  10/16  19:12  10:56   1:14 
Keith Yandle             0  0  0  -1  0   0  1  1  0  2  0/0    29:02  12:12   4:28 
Kevin Shattenkirk        0  1  1  -1  0   1  5  1  0  0  0/0    29:02  12:12   4:28 
Kyle Palmieri            0  0  0  -1  0   4  2  1  1  0  1/2    10:44   0:00   0:00 
Logan Couture            1  0  1  -1  0   3  2  2  3  0  11/24  24:21  10:22   4:53 
Matt Martin              0  0  0   0  4   0  0  1  1  0  0/0     5:41   0:00   0:00 
Michael Raffl            0  0  0   0  0   3  4  0  4  1  0/0    19:12  10:56   1:14 
Nathan Gerbe             0  0  0  -1  0   0  0  0  0  0  0/0    19:10  10:22   0:00 
Tanner Glass             0  0  0   0  5   2  0  0  0  0  0/1     5:07   0:00   0:00 
Tim Sestito              0  0  0   0  4   0  0  1  0  1  2/7     5:41   0:00   0:00 
Zach Parise              0  0  0  -1  0   3  3  0  5  0  1/10   24:21  10:22   4:53 

Players Stats for Flyers

Player Name              G  A  P  +/- PIM S  H  SB GA TA FO     MP     PP MP  PK MP  
------------------------------------------------------------------------------------
Adam Lowry               0  0  0   0  0   0  0  0  0  0  1/3     7:45   0:00   2:33 
Barret Jackman           0  0  0   0  4   0  0  0  0  2  0/0    15:24   0:00   4:23 
Bryan Little             0  0  0   0  0   2  0  2  2  0  17/30  23:37   2:12  13:26 
Chris Kreider            0  0  0   0  6   1  0  0  1  0  1/1     4:44   0:00   0:00 
Corey Perry              0  1  1   1  2   0  0  0  1  0  0/2    16:53   3:55   0:00 
Evgeni Malkin            1  1  2   1  0   6  0  0  0  0  13/18  16:13   3:55   0:00 
Gabriel Landeskog        2  0  2   1  0   3  3  1  3  1  2/2    10:48   1:42   0:07 
Jakub Voracek            1  1  2   1  7   3  1  0  2  0  0/1    14:46   3:55   0:00 
Jarret Stoll             0  0  0   1  4   1  1  0  0  0  3/5    13:40   0:00   6:23 
Kyle Okposo              0  1  1   0  0   6  1  0  2  0  1/1     9:50   2:12   0:00 
Luke Glendening          0  0  0   0  0   1  1  0  2  2  0/0    17:57   0:00  13:13 
Mark Stuart              0  1  1   1  0   1  2  0  0  3  0/0    23:53   0:00  14:28 
Niklas Kronwall          0  2  2   1  0   1  3  1  1  2  0/0    26:00   1:42  14:28 
P.K. Subban              0  0  0   1  0   4  1  1  0  0  0/0    24:52   4:25   6:50 
Riley Nash               0  0  0   1  0   1  0  0  0  0  0/0    13:35   0:00   6:29 
Taylor Hall              0  0  0   0  2   1  1  0  2  0  0/0     9:55   2:12   0:06 
Tim Gleason              0  0  0   0  2   1  3  1  0  1  0/0    10:09   0:00   1:02 
Tom Gilbert              0  0  0   1  0   2  0  0  0  0  0/0    18:10   4:25   1:24 

3 Stars

1 - Gabriel Landeskog (Phi)
2 - Corey Crawford (Phi)
3 - Evgeni Malkin (Phi)

Power Play

Rangers - 1 on 11 Attempt(s) - 9.09%
Flyers - 2 on 5 Attempt(s) - 40.00%

Penalty Kill

Rangers - 3 on 5 Attempt(s) - 60.00% - Score 0 goal in Penalty Kill
Flyers - 10 on 11 Attempt(s) - 90.91% - Score 0 goal in Penalty Kill

Team Stat

Rangers - Hits : 24 - Faceoff Wins : 25 - Blocked Shots : 11 - Penalty Minutes : 15
Flyers - Hits : 17 - Faceoff Wins : 38 - Blocked Shots : 6 - Penalty Minutes : 27

Official

Referees : Unknown
Linesman : Unknown

Game Notes

Jakub Voracek beats up Tanner Glass at 17:07 of 2nd period

Finance

Level 1 -- Attendance: 5347 (89.12%) -- Ticket Income $454,495
Level 2 -- Attendance: 4558 (91.16%) -- Ticket Income $250,690
Level 3 -- Attendance: 2000 (100.00%) -- Ticket Income $64,000
Level 4 -- Attendance: 3785 (94.63%) -- Ticket Income $71,915
Luxury Box -- Attendance: 690 (69.00%) -- Ticket Income $131,100
Game was played at the Wachovia Center.
Total Attendance: 16380 (91.00%)
Total Ticket Income: $972,200
Other Income: $476,378
Total Income: $1,448,578

Rangers

5 vs 5 Forward 
   Center                   Left Wing                Right Wing               Time % Phy DF OF 
 1 Logan Couture            Zach Parise              Nathan Gerbe             35     1   2  2  
 2 Jordan Staal             Michael Raffl            David Moss               30     1   2  2  
 3 Jay McClement            Kyle Palmieri            Chris Terry              22     1   2  2  
 4 Tim Sestito              Matt Martin              Tanner Glass             13     1   2  2  

5 vs 5 Defense 
   Defense                  Defense                                           Time % Phy DF OF 
 1 Kevin Shattenkirk        Keith Yandle                                      35     1   2  2  
 2 Andrej Sekera            Jason Garrison                                    30     1   2  2  
 3 Brandon Manning          Jamie McBain                                      22     1   2  2  
 4 Kevin Shattenkirk        Keith Yandle                                      13     1   2  2  

PowerPlay Forward 
   Center                   Left Wing                Right Wing               Time % Phy DF OF 
 1 Logan Couture            Zach Parise              Nathan Gerbe             60     1   2  2  
 2 Jordan Staal             Michael Raffl            David Moss               40     1   2  2  

PowerPlay Defense
   Defense                  Defense                                           Time % Phy DF OF 
 1 Kevin Shattenkirk        Keith Yandle                                      60     1   2  2  
 2 Andrej Sekera            Jason Garrison                                    40     1   2  2  

Penalty Kill 4 Players Forward 
   Center                   Wing                     Time % Phy DF OF 
 1 Zach Parise              Logan Couture            60     1   2  2  
 2 Jordan Staal             Michael Raffl            40     1   2  2  

Penalty Kill 4 Players Defense
   Defense                  Defense                  Time % Phy DF OF 
 1 Kevin Shattenkirk        Keith Yandle             60     1   2  2  
 2 Andrej Sekera            Jason Garrison           40     1   2  2  

Penalty Kill - 3 Players Forward 
   Forward                                           Time % Phy DF OF 
 1 Zach Parise                                       60     1   2  2  
 2 Logan Couture                                     40     1   2  2  

Penalty Kill - 3 Players Defense
   Defense                  Defense                  Time % Phy DF OF 
 1 Kevin Shattenkirk        Keith Yandle             60     1   2  2  
 2 Andrej Sekera            Jason Garrison           40     1   2  2  

4 vs 4 Forward 
   Center                   Wing                     Time % Phy DF OF 
 1 Zach Parise              Logan Couture            60     1   2  2  
 2 Jordan Staal             Michael Raffl            40     1   2  2  

4 vs 4 Defense
   Defense                  Defense                  Time % Phy DF OF 
 1 Kevin Shattenkirk        Keith Yandle             60     1   2  2  
 2 Andrej Sekera            Jason Garrison           40     1   2  2  

Last Minutes Offensive
   Center                   Left Wing                Right Wing               Defense                  Defense                  
   Logan Couture            Zach Parise              Nathan Gerbe             Kevin Shattenkirk        Keith Yandle             

Last Minutes Defensive
   Center                   Left Wing                Right Wing               Defense                  Defense                  
   Logan Couture            Zach Parise              Nathan Gerbe             Kevin Shattenkirk        Keith Yandle             

Goaltenders
Starting : Roberto Luongo           
Backup : Igor Bobkov              

Extra Forwards
Normal : Jay McClement, Kyle Palmieri, Chris Terry - PP : Jay McClement, Kyle Palmieri - PK : Chris Terry
Extra Defensemen
Normal : Brandon Manning, Jamie McBain, Andrej Sekera - PP : Brandon Manning - PK : Jamie McBain, Andrej Sekera
Penalty Shots
Zach Parise, Logan Couture, Jordan Staal, Michael Raffl, Nathan Gerbe

Flyers

5 vs 5 Forward 
   Center                   Left Wing                Right Wing               Time % Phy DF OF 
 1 Evgeni Malkin            Jakub Voracek            Corey Perry              33     0   0  5  
 2 Bryan Little             Taylor Hall              Kyle Okposo              32     0   1  4  
 3 Jarret Stoll             Gabriel Landeskog        Riley Nash               20     0   3  2  
 4 Adam Lowry               Chris Kreider            Luke Glendening          15     1   3  1  

5 vs 5 Defense 
   Defense                  Defense                                           Time % Phy DF OF 
 1 P.K. Subban              Tom Gilbert                                       35     0   1  4  
 2 Mark Stuart              Niklas Kronwall                                   30     0   3  2  
 3 Tim Gleason              Barret Jackman                                    25     4   1  0  
 4 P.K. Subban              Niklas Kronwall                                   10     0   2  3  

PowerPlay Forward 
   Center                   Left Wing                Right Wing               Time % Phy DF OF 
 1 Evgeni Malkin            Jakub Voracek            Corey Perry              60     0   0  5  
 2 Bryan Little             Taylor Hall              Kyle Okposo              40     0   0  5  

PowerPlay Defense
   Defense                  Defense                                           Time % Phy DF OF 
 1 P.K. Subban              Tom Gilbert                                       60     0   0  5  
 2 Gabriel Landeskog        Niklas Kronwall                                   40     0   1  4  

Penalty Kill 4 Players Forward 
   Center                   Wing                     Time % Phy DF OF 
 1 Bryan Little             Luke Glendening          60     0   4  1  
 2 Jarret Stoll             Riley Nash               40     0   5  0  

Penalty Kill 4 Players Defense
   Defense                  Defense                  Time % Phy DF OF 
 1 Niklas Kronwall          Mark Stuart              60     0   4  1  
 2 P.K. Subban              Barret Jackman           40     0   5  0  

Penalty Kill - 3 Players Forward 
   Forward                                           Time % Phy DF OF 
 1 Bryan Little                                      60     0   5  0  
 2 Jarret Stoll                                      40     0   5  0  

Penalty Kill - 3 Players Defense
   Defense                  Defense                  Time % Phy DF OF 
 1 Niklas Kronwall          Mark Stuart              60     0   5  0  
 2 P.K. Subban              Barret Jackman           40     0   5  0  

4 vs 4 Forward 
   Center                   Wing                     Time % Phy DF OF 
 1 Evgeni Malkin            Chris Kreider            60     0   1  4  
 2 Riley Nash               Gabriel Landeskog        40     0   1  4  

4 vs 4 Defense
   Defense                  Defense                  Time % Phy DF OF 
 1 P.K. Subban              Tom Gilbert              60     0   2  3  
 2 Barret Jackman           Tim Gleason              40     5   0  0  

Last Minutes Offensive
   Center                   Left Wing                Right Wing               Defense                  Defense                  
   Evgeni Malkin            Jakub Voracek            Corey Perry              P.K. Subban              Niklas Kronwall          

Last Minutes Defensive
   Center                   Left Wing                Right Wing               Defense                  Defense                  
   Bryan Little             Gabriel Landeskog        Riley Nash               P.K. Subban              Niklas Kronwall          

Goaltenders
Starting : Corey Crawford           
Backup : Darcy Kuemper            

Extra Forwards
Normal : Gabriel Landeskog, Chris Kreider, Riley Nash - PP : Gabriel Landeskog, Chris Kreider - PK : Jarret Stoll
Extra Defensemen
Normal : Barret Jackman, Tim Gleason, Mark Stuart - PP : Tom Gilbert - PK : Tom Gilbert, Tim Gleason
Penalty Shots
Kyle Okposo, Evgeni Malkin, Corey Perry, Jakub Voracek, Riley Nash

% Time on Ice - Rangers

Lines # - Real PCT - Wanted PCT - Time Play
Normal Forward
1 - 28% - 35% - 9:06
2 - 22% - 30% - 7:02
3 - 33% - 22% - 10:44
4 - 18% - 13% - 5:43
Normal Defense
1 - 38% - 35% - 12:22
2 - 31% - 30% - 10:01
3 - 31% - 22% - 10:12
4 - 0% - 13% - 0:00
PP Forward
1 - 49% - 60% - 10:22
2 - 51% - 40% - 10:56
PP Defense
1 - 57% - 60% - 12:12
2 - 43% - 40% - 9:06
PK Forward
1 - 80% - 60% - 4:53
2 - 20% - 40% - 1:14
PK Defense
1 - 73% - 60% - 4:28
2 - 27% - 40% - 1:39
PK3 Forward
1 - 0% - 60%
2 - 0% - 40%
PK3 Defense
1 - 0% - 60%
2 - 0% - 40%
44 Forward
1 - 0% - 60%
2 - 0% - 40%
44 Defense
1 - 0% - 60%
2 - 0% - 40%
Last Minute Offensive  - 0:00
Last Minute Defensive  - 0:00
Total
Forward - 60:00
Defense - 60:00

% Time on Ice - Flyers

Lines # - Real PCT - Wanted PCT - Time Play
Normal Forward
1 - 41% - 33% - 13:28
2 - 25% - 32% - 8:16
3 - 20% - 20% - 6:28
4 - 13% - 15% - 4:23
Normal Defense
1 - 43% - 35% - 14:05
2 - 29% - 30% - 9:22
3 - 28% - 25% - 9:08
4 - 0% - 10% - 0:00
PP Forward
1 - 64% - 60% - 3:55
2 - 36% - 40% - 2:12
PP Defense
1 - 72% - 60% - 4:25
2 - 28% - 40% - 1:42
PK Forward
1 - 69% - 60% - 14:30
2 - 31% - 40% - 6:29
PK Defense
1 - 69% - 60% - 14:28
2 - 31% - 40% - 6:31
PK3 Forward
1 - 100% - 60% - 0:19
2 - 0% - 40% - 0:00
PK3 Defense
1 - 0% - 60% - 0:00
2 - 100% - 40% - 0:19
44 Forward
1 - 0% - 60%
2 - 0% - 40%
44 Defense
1 - 0% - 60%
2 - 0% - 40%
Last Minute Offensive  - 0:00
Last Minute Defensive  - 0:00
Total
Forward - 60:00
Defense - 60:00

Play by Play

1st period


0:01 of 1st period - Logan Couture wins face-off versus Evgeni Malkin in neutral zone.
0:47 of 1st period - P.K. Subban is hit by Keith Yandle and loses puck.
0:58 of 1st period - Jason Garrison is hit by Taylor Hall and loses puck.
1:19 of 1st period - Bryan Little is hit by Michael Raffl.
1:39 of 1st period - Snap shot by Kyle Palmieri.
1:39 of 1st period - Shot Misses the Net.
1:45 of 1st period - Chris Terry is hit by Jarret Stoll and loses puck.
1:56 of 1st period - Slapshot by Gabriel Landeskog.
1:56 of 1st period - Stopped by Roberto Luongo with a rebound.
2:26 of 1st period - Snap shot by Tanner Glass.
2:26 of 1st period - Stopped by Corey Crawford with a rebound.
2:28 of 1st period - Wrist shot by Tanner Glass.
2:28 of 1st period - Shot Misses the Net.
2:30 of 1st period - Slapshot by Tanner Glass.
2:30 of 1st period - Shot Misses the Net.
2:36 of 1st period - Slapshot by Jamie McBain.
2:36 of 1st period - Shot Misses the Net.
2:38 of 1st period - Backhand shot by Tanner Glass.
2:38 of 1st period - Stopped by Corey Crawford with a rebound.
2:56 of 1st period - Brandon Manning is hit by Tim Gleason and loses puck.
3:11 of 1st period - Snap shot by Evgeni Malkin.
3:11 of 1st period - Stopped by Roberto Luongo with a rebound.
3:25 of 1st period - Minor Penalty to Brandon Manning for Hooking.
3:26 of 1st period - Bryan Little wins face-off versus Zach Parise in Rangers zone.
4:18 of 1st period - Kevin Shattenkirk is hit by Gabriel Landeskog and loses puck.
4:23 of 1st period - Snap shot by Evgeni Malkin.
4:23 of 1st period - Shot Misses the Net.
4:25 of 1st period - Slapshot by P.K. Subban.
4:25 of 1st period - Shot Hit the Post.
4:27 of 1st period - Snap shot by Jakub Voracek.
4:27 of 1st period - Stopped by Roberto Luongo without a rebound.
4:28 of 1st period - Evgeni Malkin wins face-off versus Jordan Staal in Rangers zone.
4:43 of 1st period - Snap shot by Evgeni Malkin.
4:43 of 1st period - Shot Misses the Net.
5:01 of 1st period - Jason Garrison is hit by Kyle Okposo and loses puck.
5:24 of 1st period - Evgeni Malkin is hit by Logan Couture and loses puck.
5:25 of 1st period - Penalty to Brandon Manning is over, Brandon Manning is back on ice.
5:45 of 1st period - Minor Penalty to Chris Kreider for Hooking.
5:46 of 1st period - Bryan Little wins face-off versus Jordan Staal in Flyers zone.
7:22 of 1st period - Snap shot by Riley Nash.
7:22 of 1st period - Shot Misses the Net.
7:45 of 1st period - Penalty to Chris Kreider is over, Chris Kreider is back on ice.
7:52 of 1st period - Wrist shot by Logan Couture.
7:52 of 1st period - Stopped by Corey Crawford without a rebound.
7:53 of 1st period - Logan Couture wins face-off versus Evgeni Malkin in Flyers zone.
9:37 of 1st period - Minor Penalty to Taylor Hall for Hooking.
9:38 of 1st period - Bryan Little wins face-off versus Logan Couture in Flyers zone.
9:38 of 1st period - Bryan Little is hit by Jason Garrison.
11:02 of 1st period - Wrist shot by Jordan Staal.
11:02 of 1st period - Stopped by Corey Crawford without a rebound.
11:03 of 1st period - Jordan Staal wins face-off versus Jarret Stoll in Flyers zone.
11:17 of 1st period - Minor Penalty to Barret Jackman for Hooking.
11:18 of 1st period - Jordan Staal wins face-off versus Bryan Little in Flyers zone.
11:19 of 1st period - Slapshot by Keith Yandle.
11:19 of 1st period - Deflect By Jordan Staal.
11:19 of 1st period - Shot Misses the Net.
11:19 of 1st period - Puck is out of play.
11:20 of 1st period - Jordan Staal wins face-off versus Bryan Little in Flyers zone.
11:37 of 1st period - Penalty to Taylor Hall is over, Taylor Hall is back on ice.
11:46 of 1st period - Icing by Keith Yandle.
11:47 of 1st period - Bryan Little wins face-off versus Logan Couture in Rangers zone.
12:20 of 1st period - Bryan Little is hit by David Moss and loses puck.
13:17 of 1st period - Penalty to Barret Jackman is over, Barret Jackman is back on ice.
13:28 of 1st period - Riley Nash is hit by Kevin Shattenkirk.
13:48 of 1st period - Jakub Voracek is hit by Kyle Palmieri and loses puck.
14:01 of 1st period - Minor Penalty to Barret Jackman for Hooking.
14:02 of 1st period - Logan Couture wins face-off versus Bryan Little in Flyers zone.
14:23 of 1st period - Riley Nash is hit by Andrej Sekera and loses puck.
15:45 of 1st period - Logan Couture is hit by Tim Gleason and loses puck.
15:58 of 1st period - Wrist shot by Zach Parise.
15:58 of 1st period - Stopped by Corey Crawford without a rebound.
15:59 of 1st period - Logan Couture wins face-off versus Jarret Stoll in Flyers zone.
16:01 of 1st period - Penalty to Barret Jackman is over, Barret Jackman is back on ice.
16:32 of 1st period - Snap shot by Kyle Palmieri.
16:32 of 1st period - Stopped by Corey Crawford without a rebound.
16:33 of 1st period - Tim Sestito wins face-off versus Evgeni Malkin in Flyers zone.
16:37 of 1st period - Minor Penalty to Corey Perry for Holding.
16:38 of 1st period - Jordan Staal wins face-off versus Bryan Little in Flyers zone.
17:46 of 1st period - Slapshot by Keith Yandle.
17:46 of 1st period - Shot Hit the Post.
18:33 of 1st period - Icing by Kevin Shattenkirk.
18:34 of 1st period - Jordan Staal wins face-off versus Adam Lowry in Rangers zone.
18:37 of 1st period - Penalty to Corey Perry is over, Corey Perry is back on ice.
18:39 of 1st period - P.K. Subban is hit by Kevin Shattenkirk.
18:59 of 1st period - Wrist shot by Kyle Palmieri.
18:59 of 1st period - Stopped by Corey Crawford with a rebound.
19:01 of 1st period - Slapshot by Andrej Sekera.
19:01 of 1st period - Stopped by Corey Crawford with a rebound.
19:11 of 1st period - Snap shot by Kyle Palmieri.
19:11 of 1st period - Stopped by Corey Crawford with a rebound.
19:13 of 1st period - Slapshot by Andrej Sekera.
19:13 of 1st period - Shot Misses the Net.
19:15 of 1st period - Wrist shot by Chris Terry.
19:15 of 1st period - Shot Misses the Net.
19:17 of 1st period - Slapshot by Jason Garrison.
19:17 of 1st period - Stopped by Corey Crawford without a rebound.
19:18 of 1st period - Evgeni Malkin wins face-off versus Tim Sestito in Flyers zone.
19:53 of 1st period - Minor Penalty to Tim Sestito for Holding.
19:54 of 1st period - Logan Couture wins face-off versus Bryan Little in Rangers zone.
Goals for this period are 0 for Rangers vs 0 for Flyers.
Shots for this period are 10 for Rangers vs 3 for Flyers.

2nd period


0:01 of 2nd period - Evgeni Malkin wins face-off versus Zach Parise in neutral zone.
0:10 of 2nd period - Wrist shot by Evgeni Malkin.
0:10 of 2nd period - Shot Blocked by Logan Couture.
0:12 of 2nd period - Backhand shot by P.K. Subban.
0:12 of 2nd period - Stopped by Roberto Luongo with a rebound.
0:14 of 2nd period - Snap shot by Corey Perry.
0:14 of 2nd period - Shot Misses the Net.
0:16 of 2nd period - Slapshot by P.K. Subban.
0:16 of 2nd period - Stopped by Roberto Luongo with a rebound.
0:18 of 2nd period - Slapshot by P.K. Subban.
0:18 of 2nd period - Deflect By Evgeni Malkin.
0:18 of 2nd period - Stopped by Roberto Luongo without a rebound.
0:19 of 2nd period - Evgeni Malkin wins face-off versus Zach Parise in Rangers zone.
0:20 of 2nd period - Wrist shot by Jakub Voracek.
0:20 of 2nd period - Shot Blocked by Logan Couture.
0:22 of 2nd period - Wrist shot by Corey Perry.
0:22 of 2nd period - Deflect By Logan Couture.
0:22 of 2nd period - Shot Misses the Net.
0:22 of 2nd period - Puck is out of play.
0:23 of 2nd period - Zach Parise wins face-off versus Corey Perry in Rangers zone.
0:34 of 2nd period - Slapshot by Evgeni Malkin.
0:34 of 2nd period - Stopped by Roberto Luongo without a rebound.
0:35 of 2nd period - Evgeni Malkin wins face-off versus Zach Parise in Rangers zone.
0:36 of 2nd period - Slapshot by Jakub Voracek.
0:36 of 2nd period - Shot Misses the Net.
0:38 of 2nd period - Wrist shot by P.K. Subban.
0:38 of 2nd period - Shot Misses the Net.
0:40 of 2nd period - Slapshot by P.K. Subban.
0:40 of 2nd period - Stopped by Roberto Luongo with a rebound.
1:39 of 2nd period - Taylor Hall is hit by Michael Raffl.
1:53 of 2nd period - Penalty to Tim Sestito is over, Tim Sestito is back on ice.
2:22 of 2nd period - Chris Kreider is hit by Kevin Shattenkirk and loses puck.
2:29 of 2nd period - Slapshot by Luke Glendening.
2:29 of 2nd period - Shot Misses the Net.
3:02 of 2nd period - Minor Penalty to Jarret Stoll for Hooking.
3:03 of 2nd period - Bryan Little wins face-off versus Jordan Staal in Flyers zone.
3:25 of 2nd period - Niklas Kronwall is hit by Jordan Staal and loses puck.
3:44 of 2nd period - Snap shot by Bryan Little.
3:44 of 2nd period - Shot Blocked by Jason Garrison.
4:33 of 2nd period - Mark Stuart is hit by Zach Parise and loses puck.
4:48 of 2nd period - Nathan Gerbe is hit by Niklas Kronwall and loses puck.
4:59 of 2nd period - Kevin Shattenkirk is hit by Mark Stuart.
5:02 of 2nd period - Penalty to Jarret Stoll is over, Jarret Stoll is back on ice.
5:14 of 2nd period - Minor Penalty to Matt Martin for Roughing.
5:15 of 2nd period - Evgeni Malkin wins face-off versus Zach Parise in Rangers zone.
5:36 of 2nd period - Slapshot by Evgeni Malkin.
5:36 of 2nd period - Stopped by Roberto Luongo without a rebound.
5:37 of 2nd period - Evgeni Malkin wins face-off versus Logan Couture in Rangers zone.
6:00 of 2nd period - Slapshot by Jakub Voracek.
6:00 of 2nd period - Goal by Jakub Voracek - Rangers : 0 - Flyers : 1.
6:01 of 2nd period - Bryan Little wins face-off versus Jordan Staal in neutral zone.
7:06 of 2nd period - Slapshot by Jakub Voracek.
7:06 of 2nd period - Shot Misses the Net.
7:08 of 2nd period - Slapshot by P.K. Subban.
7:08 of 2nd period - Deflect By Kyle Palmieri.
7:08 of 2nd period - Stopped by Roberto Luongo without a rebound.
7:09 of 2nd period - Evgeni Malkin wins face-off versus Tim Sestito in Rangers zone.
7:32 of 2nd period - Slapshot by Jakub Voracek.
7:32 of 2nd period - Shot Blocked by Matt Martin.
7:48 of 2nd period - Tanner Glass is hit by Gabriel Landeskog and loses puck.
9:12 of 2nd period - Niklas Kronwall is hit by Michael Raffl and loses puck.
9:55 of 2nd period - Snap shot by Kyle Palmieri.
9:55 of 2nd period - Shot Misses the Net.
9:57 of 2nd period - Minor Penalty to Jakub Voracek for Delaying the game.
9:58 of 2nd period - Logan Couture wins face-off versus Bryan Little in Flyers zone.
10:05 of 2nd period - Slapshot by Logan Couture.
10:05 of 2nd period - Shot Misses the Net.
11:29 of 2nd period - Slapshot by Jordan Staal.
11:29 of 2nd period - Stopped by Corey Crawford with a rebound.
11:50 of 2nd period - Bryan Little is hit by Zach Parise and loses puck.
11:57 of 2nd period - Penalty to Jakub Voracek is over, Jakub Voracek is back on ice.
13:40 of 2nd period - Wrist shot by Chris Kreider.
13:40 of 2nd period - Shot Misses the Net.
13:42 of 2nd period - Wrist shot by Tim Gleason.
13:42 of 2nd period - Shot Blocked by Brandon Manning.
13:44 of 2nd period - Slapshot by Barret Jackman.
13:44 of 2nd period - Shot Blocked by Jamie McBain.
13:46 of 2nd period - Wrist shot by Luke Glendening.
13:46 of 2nd period - Stopped by Roberto Luongo with a rebound.
13:48 of 2nd period - Snap shot by Luke Glendening.
13:48 of 2nd period - Shot Misses the Net.
13:50 of 2nd period - Slapshot by Tim Gleason.
13:50 of 2nd period - Stopped by Roberto Luongo without a rebound.
13:51 of 2nd period - Chris Kreider wins face-off versus Tim Sestito in Rangers zone.
13:52 of 2nd period - Slapshot by Adam Lowry.
13:52 of 2nd period - Shot Misses the Net.
14:00 of 2nd period - Jason Garrison is hit by Luke Glendening and loses puck.
14:21 of 2nd period - Slapshot by Tim Sestito.
14:21 of 2nd period - Shot Misses the Net.
14:23 of 2nd period - Minor Penalty to Chris Kreider for Holding Stick.
14:24 of 2nd period - Jordan Staal wins face-off versus Bryan Little in Flyers zone.
14:43 of 2nd period - Snap shot by Jordan Staal.
14:43 of 2nd period - Deflect By Michael Raffl.
14:43 of 2nd period - Stopped by Corey Crawford with a rebound.
14:45 of 2nd period - Wrist shot by David Moss.
14:45 of 2nd period - Shot Misses the Net.
16:13 of 2nd period - Niklas Kronwall is hit by Zach Parise and loses puck.
16:23 of 2nd period - Penalty to Chris Kreider is over, Chris Kreider is back on ice.
16:39 of 2nd period - Slapshot by Chris Terry.
16:39 of 2nd period - Shot Blocked by P.K. Subban.
16:58 of 2nd period - Icing by P.K. Subban.
16:59 of 2nd period - Evgeni Malkin wins face-off versus Tanner Glass in Flyers zone.
17:04 of 2nd period - Snap shot by Kevin Shattenkirk.
17:04 of 2nd period - Stopped by Corey Crawford with a rebound.
17:07 of 2nd period - Jakub Voracek beats up Tanner Glass.
17:07 of 2nd period - Penalty to Jakub Voracek for Fighting.
17:07 of 2nd period - Penalty to Tanner Glass for Fighting.
17:08 of 2nd period - Gabriel Landeskog wins face-off versus Kyle Palmieri in Flyers zone.
17:42 of 2nd period - Tom Gilbert is hit by Jay McClement and loses puck.
17:59 of 2nd period - Wrist shot by Kyle Okposo.
17:59 of 2nd period - Stopped by Roberto Luongo with a rebound.
18:01 of 2nd period - Slapshot by Tim Gleason.
18:01 of 2nd period - Deflect By Bryan Little.
18:01 of 2nd period - Shot Misses the Net.
18:01 of 2nd period - Puck is out of play.
18:02 of 2nd period - Tim Sestito wins face-off versus Bryan Little in Rangers zone.
18:02 of 2nd period - Tim Sestito is hit by Tim Gleason.
18:08 of 2nd period - Snap shot by Andrej Sekera.
18:08 of 2nd period - Shot Blocked by Bryan Little.
18:10 of 2nd period - Wrist shot by Jason Garrison.
18:10 of 2nd period - Deflect By Chris Terry.
18:10 of 2nd period - Stopped by Corey Crawford with a rebound.
18:37 of 2nd period - Minor Penalty to Tim Gleason for Hooking.
18:38 of 2nd period - Bryan Little wins face-off versus Logan Couture in Flyers zone.
18:48 of 2nd period - Luke Glendening is hit by Kevin Shattenkirk.
19:31 of 2nd period - Mark Stuart is hit by David Moss and loses puck.
Goals for this period are 0 for Rangers vs 1 for Flyers.
Shots for this period are 4 for Rangers vs 11 for Flyers.

3rd period


0:01 of 3rd period - Bryan Little wins face-off versus Logan Couture in neutral zone.
0:06 of 3rd period - Slapshot by Niklas Kronwall.
0:06 of 3rd period - Stopped by Roberto Luongo without a rebound.
0:07 of 3rd period - Bryan Little wins face-off versus Logan Couture in Rangers zone.
0:24 of 3rd period - Slapshot by Logan Couture.
0:24 of 3rd period - Goal by Logan Couture - Rangers : 1 - Flyers : 1.
0:25 of 3rd period - Logan Couture wins face-off versus Bryan Little in neutral zone.
0:49 of 3rd period - Wrist shot by Kyle Okposo.
0:49 of 3rd period - Stopped by Roberto Luongo with a rebound.
0:51 of 3rd period - Wrist shot by Mark Stuart.
0:51 of 3rd period - Stopped by Roberto Luongo with a rebound.
0:53 of 3rd period - Slapshot by Niklas Kronwall.
0:53 of 3rd period - Shot Misses the Net.
0:55 of 3rd period - Backhand shot by Bryan Little.
0:55 of 3rd period - Shot Blocked by Keith Yandle.
1:24 of 3rd period - Kevin Shattenkirk is hit by Gabriel Landeskog and loses puck.
2:07 of 3rd period - Snap shot by Chris Kreider.
2:07 of 3rd period - Stopped by Roberto Luongo without a rebound.
2:08 of 3rd period - Kyle Palmieri wins face-off versus Adam Lowry in Rangers zone.
2:13 of 3rd period - Slapshot by Chris Terry.
2:13 of 3rd period - Shot Blocked by Tim Gleason.
2:36 of 3rd period - Wrist shot by Kyle Palmieri.
2:36 of 3rd period - Deflect By Chris Terry.
2:36 of 3rd period - Stopped by Corey Crawford without a rebound.
2:37 of 3rd period - Kyle Okposo wins face-off versus Logan Couture in Flyers zone.
2:54 of 3rd period - Snap shot by Kyle Okposo.
2:54 of 3rd period - Stopped by Roberto Luongo without a rebound.
2:55 of 3rd period - Bryan Little wins face-off versus Logan Couture in Rangers zone.
3:36 of 3rd period - Slapshot by Evgeni Malkin.
3:36 of 3rd period - Shot Misses the Net.
3:45 of 3rd period - Icing by Niklas Kronwall.
3:46 of 3rd period - Jordan Staal wins face-off versus Corey Perry in Flyers zone.
3:55 of 3rd period - Jason Garrison is hit by Jakub Voracek and loses puck.
4:29 of 3rd period - Icing by Tom Gilbert.
4:30 of 3rd period - Jarret Stoll wins face-off versus Jay McClement in Flyers zone.
4:35 of 3rd period - Riley Nash is hit by Kyle Palmieri and loses puck.
4:42 of 3rd period - Slapshot by Tom Gilbert.
4:42 of 3rd period - Stopped by Roberto Luongo with a rebound.
4:44 of 3rd period - Slapshot by Tom Gilbert.
4:44 of 3rd period - Shot Blocked by Kevin Shattenkirk.
4:46 of 3rd period - Slapshot by Tom Gilbert.
4:46 of 3rd period - Deflect By Kevin Shattenkirk.
4:46 of 3rd period - Stopped by Roberto Luongo without a rebound.
4:47 of 3rd period - Bryan Little wins face-off versus Tim Sestito in Rangers zone.
4:50 of 3rd period - Wrist shot by Bryan Little.
4:50 of 3rd period - Shot Blocked by Tim Sestito.
4:52 of 3rd period - Minor Penalty to Matt Martin for Hooking.
4:53 of 3rd period - Evgeni Malkin wins face-off versus Zach Parise in Rangers zone.
5:20 of 3rd period - Snap shot by Jakub Voracek.
5:20 of 3rd period - Deflect By Evgeni Malkin.
5:20 of 3rd period - Stopped by Roberto Luongo without a rebound.
5:21 of 3rd period - Bryan Little wins face-off versus Zach Parise in Rangers zone.
5:30 of 3rd period - Snap shot by Kyle Okposo.
5:30 of 3rd period - Deflect By Taylor Hall.
5:30 of 3rd period - Stopped by Roberto Luongo without a rebound.
5:31 of 3rd period - Bryan Little wins face-off versus Zach Parise in Rangers zone.
5:34 of 3rd period - Snap shot by Bryan Little.
5:34 of 3rd period - Shot Misses the Net.
5:36 of 3rd period - Snap shot by Niklas Kronwall.
5:36 of 3rd period - Deflect By Kyle Okposo.
5:36 of 3rd period - Stopped by Roberto Luongo with a rebound.
5:38 of 3rd period - Slapshot by Gabriel Landeskog.
5:38 of 3rd period - Goal by Gabriel Landeskog - Rangers : 1 - Flyers : 2.
5:39 of 3rd period - Jordan Staal wins face-off versus Bryan Little in neutral zone.
6:32 of 3rd period - Snap shot by Logan Couture.
6:32 of 3rd period - Stopped by Corey Crawford without a rebound.
6:33 of 3rd period - Logan Couture wins face-off versus Evgeni Malkin in Flyers zone.
7:00 of 3rd period - Wrist shot by Zach Parise.
7:00 of 3rd period - Shot Misses the Net.
7:18 of 3rd period - Snap shot by Kyle Palmieri.
7:18 of 3rd period - Stopped by Corey Crawford without a rebound.
7:19 of 3rd period - Gabriel Landeskog wins face-off versus Jay McClement in Flyers zone.
7:48 of 3rd period - Snap shot by Kyle Palmieri.
7:48 of 3rd period - Shot Blocked by Gabriel Landeskog.
8:06 of 3rd period - Barret Jackman is hit by Michael Raffl and loses puck.
8:15 of 3rd period - Snap shot by Michael Raffl.
8:15 of 3rd period - Shot Blocked by Bryan Little.
8:25 of 3rd period - Wrist shot by Michael Raffl.
8:25 of 3rd period - Shot Misses the Net.
8:27 of 3rd period - Wrist shot by Michael Raffl.
8:27 of 3rd period - Stopped by Corey Crawford without a rebound.
8:28 of 3rd period - Adam Lowry wins face-off versus Logan Couture in Flyers zone.
8:30 of 3rd period - Minor Penalty to Chris Kreider for Hooking.
8:31 of 3rd period - Logan Couture wins face-off versus Bryan Little in Flyers zone.
8:48 of 3rd period - Off-side.
8:49 of 3rd period - Bryan Little wins face-off versus Logan Couture in neutral zone.
8:52 of 3rd period - Slapshot by Niklas Kronwall.
8:52 of 3rd period - Deflect By Bryan Little.
8:52 of 3rd period - Shot Misses the Net.
8:52 of 3rd period - Puck is out of play.
8:53 of 3rd period - Bryan Little wins face-off versus Logan Couture in Rangers zone.
9:48 of 3rd period - Michael Raffl is hit by Mark Stuart and loses puck.
10:17 of 3rd period - P.K. Subban is hit by Kevin Shattenkirk and loses puck.
10:24 of 3rd period - Snap shot by Zach Parise.
10:24 of 3rd period - Stopped by Corey Crawford without a rebound.
10:25 of 3rd period - Logan Couture wins face-off versus Bryan Little in Flyers zone.
10:30 of 3rd period - Penalty to Chris Kreider is over, Chris Kreider is back on ice.
10:54 of 3rd period - Jason Garrison is hit by P.K. Subban and loses puck.
11:07 of 3rd period - Niklas Kronwall is hit by Jason Garrison and loses puck.
11:30 of 3rd period - Snap shot by Gabriel Landeskog.
11:30 of 3rd period - Goal by Gabriel Landeskog - Rangers : 1 - Flyers : 3.
11:31 of 3rd period - Jarret Stoll wins face-off versus Jordan Staal in neutral zone.
11:52 of 3rd period - Wrist shot by Jordan Staal.
11:52 of 3rd period - Shot Misses the Net.
11:54 of 3rd period - Wrist shot by Jordan Staal.
11:54 of 3rd period - Stopped by Corey Crawford without a rebound.
11:55 of 3rd period - Evgeni Malkin wins face-off versus Logan Couture in Flyers zone.
12:00 of 3rd period - Zach Parise is hit by Niklas Kronwall and loses puck.
12:17 of 3rd period - Backhand shot by Zach Parise.
12:17 of 3rd period - Stopped by Corey Crawford without a rebound.
12:18 of 3rd period - Jordan Staal wins face-off versus Bryan Little in Flyers zone.
12:25 of 3rd period - Wrist shot by Michael Raffl.
12:25 of 3rd period - Shot Misses the Net.
12:35 of 3rd period - Slapshot by Jordan Staal.
12:35 of 3rd period - Shot Misses the Net.
12:37 of 3rd period - Slapshot by Jason Garrison.
12:37 of 3rd period - Stopped by Corey Crawford with a rebound.
12:39 of 3rd period - Snap shot by David Moss.
12:39 of 3rd period - Shot Misses the Net.
12:41 of 3rd period - Slapshot by Jason Garrison.
12:41 of 3rd period - Stopped by Corey Crawford with a rebound.
12:43 of 3rd period - Snap shot by Jason Garrison.
12:43 of 3rd period - Stopped by Corey Crawford without a rebound.
12:44 of 3rd period - Logan Couture wins face-off versus Evgeni Malkin in Flyers zone.
12:56 of 3rd period - Snap shot by Jakub Voracek.
12:56 of 3rd period - Stopped by Roberto Luongo with a rebound.
12:58 of 3rd period - Snap shot by Evgeni Malkin.
12:58 of 3rd period - Goal by Evgeni Malkin - Rangers : 1 - Flyers : 4.
12:59 of 3rd period - Bryan Little wins face-off versus Logan Couture in neutral zone.
13:14 of 3rd period - Snap shot by Kyle Okposo.
13:14 of 3rd period - Stopped by Roberto Luongo with a rebound.
13:16 of 3rd period - Slapshot by Tom Gilbert.
13:16 of 3rd period - Deflect By Kyle Okposo.
13:16 of 3rd period - Stopped by Roberto Luongo with a rebound.
13:18 of 3rd period - Slapshot by Bryan Little.
13:18 of 3rd period - Stopped by Roberto Luongo with a rebound.
13:26 of 3rd period - Snap shot by Bryan Little.
13:26 of 3rd period - Stopped by Roberto Luongo with a rebound.
13:52 of 3rd period - Minor Penalty to Jarret Stoll for Holding.
13:53 of 3rd period - Bryan Little wins face-off versus David Moss in Flyers zone.
14:48 of 3rd period - Mark Stuart is hit by Logan Couture and loses puck.
15:33 of 3rd period - Wrist shot by Michael Raffl.
15:33 of 3rd period - Shot Blocked by Niklas Kronwall.
15:35 of 3rd period - Slapshot by David Moss.
15:35 of 3rd period - Shot Misses the Net.
15:45 of 3rd period - Logan Couture is hit by Niklas Kronwall.
15:52 of 3rd period - Penalty to Jarret Stoll is over, Jarret Stoll is back on ice.
16:30 of 3rd period - Slapshot by Jakub Voracek.
16:30 of 3rd period - Shot Misses the Net.
16:52 of 3rd period - Wrist shot by Jarret Stoll.
16:52 of 3rd period - Stopped by Roberto Luongo without a rebound.
16:53 of 3rd period - Jarret Stoll wins face-off versus Tim Sestito in Rangers zone.
17:08 of 3rd period - Wrist shot by Riley Nash.
17:08 of 3rd period - Deflect By Jason Garrison.
17:08 of 3rd period - Stopped by Roberto Luongo with a rebound.
17:20 of 3rd period - Wrist shot by Andrej Sekera.
17:20 of 3rd period - Stopped by Corey Crawford without a rebound.
17:21 of 3rd period - Jordan Staal wins face-off versus Jakub Voracek in Flyers zone.
17:32 of 3rd period - Wrist shot by Michael Raffl.
17:32 of 3rd period - Stopped by Corey Crawford without a rebound.
17:33 of 3rd period - Evgeni Malkin wins face-off versus Jordan Staal in Flyers zone.
18:20 of 3rd period - Backhand shot by Jarret Stoll.
18:20 of 3rd period - Shot Blocked by Kyle Palmieri.
18:22 of 3rd period - Snap shot by Gabriel Landeskog.
18:22 of 3rd period - Shot Blocked by Brandon Manning.
19:22 of 3rd period - Minor Penalty to Tim Sestito for Holding.
19:23 of 3rd period - Evgeni Malkin wins face-off versus Zach Parise in Rangers zone.
Goals for this period are 1 for Rangers vs 3 for Flyers.
Shots for this period are 13 for Rangers vs 20 for Flyers.